 Dungeon Crawl Stone Soup version 0.30-a0-462-gd5975efbca (webtiles) character file.

Game seed: 11732412102516161688

130 IdlyInterested the Grave Robber (level 4, -2/35 HPs)
             Began as a Demonspawn Wanderer on Dec 16, 2022.
             Slain by a scorpion (5 damage)
             ... on level 4 of the Dungeon.
             The game lasted 00:10:48 (3015 turns).

IdlyInterested the Grave Robber (DsWn)              Turns: 3015, Time: 00:10:49

Health: -2/35      AC:  6    Str: 19    XL:     4   Next: 89%
Magic:  6/6        EV:  9    Int: 17    God:
Gold:   181        SH:  5    Dex: 12    Spells: 0/6 levels left

rFire   + . .      SeeInvis .    z - +2 hand axe (pain)
rCold   . . .      Faith    .    h - orb {guile}
rNeg    . . .      Spirit   .    A - +0 scale mail {rF+}
rPois   .          Reflect  +    (helmet restricted)
rElec   .          Harm     .    (no cloak)
rCorr   .          Rampage  .    (no gloves)
Will    .....                    (no boots)
Stlth   ..........               r - amulet of reflection
HPRegen 0.25/turn                o - +6 ring of strength
MPRegen 0.10/turn                (no ring)

@: no status effects
A: horns 1, powered by death 1, strong 1
a: no special abilities


You were on level 4 of the Dungeon.
You visited 1 branch of the dungeon, and saw 4 of its levels.

You collected 181 gold pieces.

Inventory:

Hand Weapons
 a - a +0 quarterstaff
 d - a +0 dagger
 g - a +0 trident
 k - a +0 short sword
 l - a +1 hand axe
 t - a +0 whip
 u - a +0 flail
 y - a +1 dagger of venom
 z - a +2 hand axe of pain (weapon)
Missiles
 e - 51 stones (quivered)
 E - 4 poisoned darts
Armour
 b - a +0 ring mail
 h - an orb of guile (worn)
 j - a +0 leather armour
 m - a +0 robe
 A - a +0 scale mail of fire resistance (worn)
Jewellery
 o - a +6 ring of strength (left hand)
 r - an amulet of reflection (around neck)
Wands
 v - a wand of mindburst (4)
Scrolls
 i - 2 scrolls of teleportation
 C - a scroll of enchant weapon
Potions
 f - a potion of brilliance
 n - a potion of haste
 p - a potion of heal wounds {unknown}
 q - a potion of flight {unknown}
 s - 2 potions of might
 x - a potion of mutation
 B - a potion of invisibility {unknown}
 D - a potion of lignification {unknown}


   Skills:
 - Level 3.0 Fighting
 - Level 1.0 Axes
 - Level 1.0 Staves
 - Level 1.0 Throwing
 - Level 1.0 Armour
 - Level 1.0 Dodging
 - Level 2.0 Stealth
 * Level 1.9 Spellcasting
 * Level 3.6 Necromancy
 - Level 2.0 Invocations


You couldn't memorise any spells.
You knew the following spells:

 Your Spells              Type           Power      Damage    Failure   Level
a - Dispel Undead         Necr           13%        3d9       80%         4
b - Kiss of Death         Conj/Necr      28%        2d7       28%         1
c - Necrotise             Necr           52%        1d6       14%         1

Your spell library contained the following spells:

 Spells                   Type           Power      Damage    Failure   Level
 Summon Guardian Golem    Hex/Summ       1%         N/A       88%         3
 Orb of Destruction       Conj           0%         9d5       100%        7
 Spellforged Servitor     Conj/Summ      0%         N/A       100%        7


Dungeon Overview and Level Annotations

Branches:
Dungeon (4/15)
 Temple: D:4-7

Altars:


Innate Abilities, Weirdness & Mutations

You have a pair of small horns on your head.
You regenerate a little health from kills.
Your muscles are strong. (Str +4, Int/Dex -1)


Message History

The scorpion is severely wounded.
You feel very sick.
The scorpion stings you but does no damage.
You block the scorpion's attack.
You barely miss the scorpion.
The scorpion is severely wounded.
You feel sick. The scorpion stings you.
* * * LOW HITPOINT WARNING * * *
You barely miss the scorpion.
The scorpion is severely wounded.
You feel sick. The scorpion stings you.
* * * LOW HITPOINT WARNING * * *
The scorpion barely misses you.
You hit the scorpion but do no damage.
The scorpion writhes in agony.
The scorpion is almost dead.
You feel sick.
The scorpion stings you but does no damage.
You closely miss the scorpion.
You headbutt the scorpion, but do no damage.
The scorpion is severely wounded.
* * * LOW HITPOINT WARNING * * *
You feel sick.
The scorpion stings you but does no damage. x2
You barely miss the scorpion.
The scorpion is severely wounded.
You feel sick.
The scorpion stings you but does no damage.
You barely miss the scorpion.
The scorpion is severely wounded.
You feel sick.
You are no longer poisoned.
The scorpion stings you but does no damage.
The scorpion closely misses you.
You feel better. The scorpion stings you.
* * * LOW HITPOINT WARNING * * *
You hit the scorpion.
The scorpion writhes in agony.
The scorpion is almost dead.
The scorpion stings you but does no damage.
The scorpion stings you.
You die...

#)#####
...^...
.......
.......
.......
.......
.......##
.......@#
......s.#
##.####.#
#.. .#. .
.# . .#
.. .#


You could see a scorpion.

Vanquished Creatures
  Terence (D:3)
  3 adders
  A worm (D:2)
  An orc (D:3)
  12 bats
  3 endoplasms
  3 giant cockroaches
  6 goblins
  5 hobgoblins
  7 jackals
  5 kobolds
  2 quokkas
  9 ball pythons
  6 frilled lizards
  8 rats
72 creatures vanquished.

Notes
Turn   | Place    | Note
-------+----------+-------------------------------------------
     0 | D:1      | IdlyInterested the Demonspawn Wanderer began the quest for
                  | the Orb.
     0 | D:1      | IdlyInterested set off with the following items: a +0
                  | quarterstaff, a +0 ring mail, a potion of curing; and the
                  | following spells available to memorise: Necrotise, Kiss of
                  | Death, Dispel Undead.
     0 | D:1      | Reached XP level 1. HP: 15/15 MP: 2/2
   197 | D:1      | Gained mutation: You have a pair of small horns on your
                  | head. [demonic ancestry]
   197 | D:1      | Reached XP level 2. HP: 19/21 MP: 3/3
  1098 | D:2      | Reached XP level 3. HP: 26/27 MP: 4/4
  1166 | D:2      | Reached skill level 1 in Throwing
  1362 | D:2      | Reached skill level 1 in Dodging
  1455 | D:2      | You fall into a shaft and drop 1 floor!
  1493 | D:3      | Gained mutation: You regenerate a little health from kills.
                  | [demonic ancestry]
  1493 | D:3      | Reached XP level 4. HP: 35/35 MP: 5/5
  1888 | D:3      | Noticed Terence
  1894 | D:3      | Killed Terence
  1895 | D:3      | Reached skill level 1 in Axes
  2172 | D:3      | Found a faded altar of an unknown god.
  2680 | D:2      | Learned a level 4 spell: Dispel Undead
  2682 | D:2      | Learned a level 1 spell: Kiss of Death
  2684 | D:2      | Learned a level 1 spell: Necrotise
  2974 | D:3      | Gained mutation: Your muscles are strong. (Str +4, Int/Dex
                  | -1) [potion of mutation]
  2997 | D:4      | Noticed a scorpion
  3015 | D:4      | Slain by a scorpion

Illustrated notes

Levels and vault maps discovered:
D:1:      dpeg_arrival_three_same_balls, layout_loops_ring, minmay_tromino_mix6
D:2:      layout_basic, minmay_fractal_squares_5
D:3:      layout_basic, mainiacjoe_overflow_paths,
          mainiacjoe_overflow_six_doors_small, nicolae_ecumenical_pavilion,
          minmay_misc_feat_rows, saegor_snake_ambush, uniq_terence
D:4:      layout_rooms, lemuel_tele_altar, mainiacjoe_overflow_catwalk,
          gammafunk_temple_overflow_claw, minmay_temple_entry_crystal_x,
          uniq_edmund

Skill      XL: |  1  2  3  4 |
---------------+-------------+-----
Stealth        | 2 |  2.0
Invocations    | 2 |  2.0
Fighting       | 2 3 |  3.0
Throwing       | 1 |  1.0
Dodging        | 1 |  1.0
Axes           | 1 |  1.0
Staves         | |  1.0
Armour         | |  1.0
Spellcasting   | |  1.9
Necromancy     | |  3.6

Action                   |  1- 3 |  4- 6 || total
-------------------------+-------+-------++-------
Melee: Quarterstaff      |   112 |       ||   112
       Headbutt          |     8 |    11 ||    19
       Hand axe          |     3 |    63 ||    66
       Dagger            |       |    15 ||    15
Evoke: Wand              |       |     1 ||     1
  Use: Scroll            |     3 |     1 ||     4
       Potion            |     1 |     4 ||     5
 Stab: Sleeping          |     1 |       ||     1
Armor: Ring mail         |    47 |    19 ||    66
       Scale mail        |       |    15 ||    15
Dodge: Dodged            |    66 |    37 ||   103
Block: Other             |    12 |    12 ||    24
       Reflection        |     1 |     1 ||     2
       Orb               |       |     6 ||     6

Table legend: (Time is in decaauts)
 A = Elapsed time spent in this place.
 B = Non-inter-level travel time spent in this place.
 C = Inter-level travel time spent in this place.
 D = Time resting spent in this place.
 E = Time spent auto-exploring this place.
 F = Levels seen in this place.
 G = Mean time per level.
                   A        B        C        D        E       F      G
               +--------+--------+--------+--------+--------+-----+--------+
         Total |   3059 |   2741 |    318 |    164 |   1778 |   4 |  764.8 |
       Dungeon |   3059 |   2741 |    318 |    164 |   1778 |   4 |  764.8 |
               +--------+--------+--------+--------+--------+-----+--------+

Top non-repeatable levels by time:
     D:1: 1127 daAuts
     D:3: 1028 daAuts
     D:2: 881 daAuts
     D:4: 22 daAuts
